 Dungeon Crawl Stone Soup version 0.32-a0-599-gba8f9cf90e (webtiles) character file.

Game seed: 9941346947185593312

72 cforsyth the Grave Robber (level 4, -3/37 HPs)
             Began as a Mountain Dwarf Necromancer on Mar 2, 2024.
             Succumbed to a kobold brigand's curare-tipped dart
             ... on level 3 of the Dungeon.
             The game lasted 00:02:57 (2579 turns).

cforsyth the Grave Robber (MDNe)                    Turns: 2579, Time: 00:02:57

Health: -3/37      AC:  9    Str: 10    XL:     4   Next: 7%
Magic:  3/6        EV:  5    Int: 18    God:
Gold:   144        SH:  0    Dex: 10    Spells: 5/6 levels left

rFire   . . .        e - +0 war axe
rCold   . . .        (no shield)
rNeg    . . .        f - +0 chain mail
rPois   .            (no helmet)
rElec   .            h - +0 cloak
rCorr   .            (no gloves)
SInv    .            (no boots)
Will    .....        (no amulet) Stlth
                     Z - ring of wizardry
HPRegen 0.26/turn    (no ring)
MPRegen 0.10/turn

%: wizardry (x1)
@: lethally poisoned (-3 -> -39), slowed, very slow
A: runic magic, artefact enchanting
a: no special abilities


You were on level 3 of the Dungeon.
You visited 1 branch of the dungeon, and saw 3 of its levels.

You collected 144 gold pieces.


Innate Abilities, Weirdness & Mutations

Your spellcasting is much less encumbered by armour.
You can use scrolls of enchantment on lesser artefacts.


   Skills:
 + Level 2.3 Fighting
 + Level 2.1 Axes
 - Level 1.3 Dodging
 - Level 1.4 Stealth
 - Level 1.7 Spellcasting
 + Level 5.1 Necromancy


You had 5 spell levels left.
You knew the following spells:

 Your Spells              Type           Power      Damage    Failure   Level
X - Necrotise             Necr           80%        1d8       2%          1

Your spell library contained the following spells:

 Spells                   Type           Power      Damage    Failure   Level
 Vampiric Draining        Necr           20%        2d7       8%          3
 Animate Dead             Necr           20%        N/A       24%         4
 Blink                    Tloc           2%         N/A       28%         2
 Lesser Beckoning         Tloc           2%         N/A       28%         2
 Momentum Strike          Conj/Tloc      2%         3d8       28%         2
 Curse of Agony           Necr           20%        N/A       52%         5

Inventory:

Hand Weapons
 d - a +0 whip
 e - a +0 war axe (weapon)
Armour
 f - a +0 chain mail (worn)
 h - a +0 cloak (worn)
Jewellery
 Z - a ring of wizardry (left hand)
Scrolls
 a - a scroll of fear {unknown}
 c - 2 scrolls of identify {unknown}
 g - a scroll of blinking {unknown}
 m - a scroll of teleportation {unknown}
 n - a scroll of immolation {unknown}
Potions
 b - a potion of magic
 i - a potion of heal wounds {unknown}
 j - 2 potions of enlightenment {unknown}
 k - a potion of curing {unknown}
 l - a potion of brilliance {unknown}

Dungeon Overview and Level Annotations

Branches:
Dungeon (3/15)

Altars:

##### ##...## ##.###.##
##.## ##.# #.#.#..# #.#
########## .......## ##.#
#@Z..K...#
#.#.###.###.####.######.#
#. #...............# #
##.).######.###.# ##.##
#.# #.# #.# #.# #.. ##'##
### ##...##


You could see a kobold brigand (ally target) and a friendly frilled lizard
skeleton.


Message History

You kill the frilled lizard!
The dead are walking!
You can't see any susceptible monsters within range! (Use Z to cast anyway.)
You can't see any susceptible monsters within range! (Use Z to cast anyway.)
A kobold brigand comes into view.
It is wielding a +0 dagger and quivering curare-tipped darts.
A kobold brigand is nearby!
A kobold brigand is nearby!
The kobold brigand barely resists.
The kobold brigand throws a curare-tipped dart.
The curare-tipped dart hits you.
You are poisoned.
You have difficulty breathing.
You feel yourself slow down.
The kobold brigand writhes in agony.
You feel very sick.
The kobold brigand throws a curare-tipped dart.
The curare-tipped dart hits you.
You are more poisoned.
You have difficulty breathing.
You feel as though you will be slow longer.
The kobold brigand writhes in agony.
* * * LOW HITPOINT WARNING * * *
You feel extremely sick.
The kobold brigand throws a curare-tipped dart.
The curare-tipped dart hits you.
You are more poisoned.
You have difficulty breathing.
* * * LOW HITPOINT WARNING * * *
You feel as though you will be slow longer.
You die...

Skill      XL: |  1  2  3 |
---------------+----------+-----
Fighting       | 1 2 |  2.3
Axes           | 1 2 |  2.1
Necromancy     | 5 |  5.1
Dodging        | |  1.3
Stealth        | |  1.4
Spellcasting   | |  1.7

Action                     |  1- 3 |  4- 6 || total
---------------------------+-------+-------++-------
  Melee: Unarmed           |    24 |       ||    24
         War axe           |    21 |     1 ||    22
   Cast: Necrotise         |    78 |     9 ||    87
 Armour: Robe              |    18 |       ||    18
         Chain mail        |    73 |     3 ||    76
  Dodge: Dodged            |    36 |       ||    36

Levels and vault maps discovered:
D:1:      heliophobic_arrival_ceremonial_halls, layout_basic,
          dreamdust_princess_bridge, minivault_14, minivault_14,
          minmay_misc_feat_rugged
D:2:      layout_loops_cross
D:3:      layout_loops_corners, jmf_multi_god_temple2,
          dreamdust_ecumenical_altar_grove, minmay_fractal_squares_diagonal_5

Notes
Turn   | Place    | Note
-------+----------+-------------------------------------------
     0 | D:1      | cforsyth the Mountain Dwarf Necromancer began the quest for
                  | the Orb.
     0 | D:1      | Reached XP level 1. HP: 14/14 MP: 3/3
   112 | D:1      | Reached skill level 1 in Fighting
   161 | D:1      | Reached XP level 2. HP: 23/23 MP: 0/4
   326 | D:1      | Reached skill level 1 in Axes
  1000 | D:1      | Reached XP level 3. HP: 29/29 MP: 2/5
  1663 | D:2      | Reached skill level 2 in Fighting
  1970 | D:2      | Reached skill level 5 in Necromancy
  2409 | D:3      | Reached skill level 2 in Axes
  2409 | D:3      | Reached XP level 4. HP: 37/37 MP: 2/6
  2574 | D:3      | Noticed a kobold brigand
  2579 | D:3      | Succumbed to a kobold brigand's curare-tipped dart

Vanquished Creatures
  An adder (D:3)
  3 dart slugs
  2 endoplasms
  3 giant cockroaches (D:1)
  4 goblins
  3 hobgoblins
  3 jackals (D:2)
  2 quokkas (D:2)
  7 ball pythons
  8 bats
  4 frilled lizards
  8 kobolds
  4 rats
52 creatures vanquished.

Vanquished Creatures (collateral kills)
  A goblin (D:1)
  A ball python (D:1)
  A frilled lizard (D:1)
3 creatures vanquished.

Grand Total: 55 creatures vanquished

Table legend: (Time is in decaauts)
 A = Elapsed time spent in this place.
 B = Non-inter-level travel time spent in this place.
 C = Inter-level travel time spent in this place.
 D = Time resting spent in this place.
 E = Time spent auto-exploring this place.
 F = Levels seen in this place.
 G = Mean time per level.
                   A        B        C        D        E       F      G
               +--------+--------+--------+--------+--------+-----+--------+
         Total |   2587 |   2504 |     83 |     26 |   2136 |   3 |  862.3 |
       Dungeon |   2587 |   2504 |     83 |     26 |   2136 |   3 |  862.3 |
               +--------+--------+--------+--------+--------+-----+--------+

Top non-repeatable levels by time:
     D:1: 1339 daAuts
     D:2: 854 daAuts
     D:3: 393 daAuts

Table legend:
 A = Non-vault XP
 B = Vault XP
 C = Vault XP percentage of total XP
 D = Non-vault monster count
 E = Vault monster count
 F = Vault count percentage of total count
                 A         B        C        D         E       F
            +---------+---------+-------+---------+---------+-------
      Total |     104 |       0 |   0.0 |      55 |       0 |   0.0
            +---------+---------+-------+---------+---------+-------
        D:1 |      49 |       0 |   0.0 |      31 |       0 |   0.0
        D:2 |      26 |       0 |   0.0 |      15 |       0 |   0.0
        D:3 |      29 |       0 |   0.0 |       9 |       0 |   0.0
            +---------+---------+-------+---------+---------+-------
